 Dungeon Crawl Stone Soup version 0.21-a0-286-g6fcecc0 (webtiles) character file.

69 Ijustatesigmund the Skirmisher (level 4, -1/33 HPs)
             Began as an Octopode Fighter on Sept 26, 2017.
             Slain by an adder (5 damage)
             ... on level 2 of the Dungeon.
             The game lasted 00:02:37 (929 turns).

Ijustatesigmund the Skirmisher (Octopode Fighter)    Turns: 929, Time: 00:02:38

Health: -1/33      AC:  1    Str: 20    XL:     4   Next: 20%
Magic:  4/4        EV: 11    Int: 10    God:
Gold:   47         SH:  9    Dex: 12    Spells: 3/3 levels left

rFire    . . .     SeeInvis .   a - +1 flail
rCold    . . .     Gourm    .   b - +0 shield
rNeg     . . .     Faith    .   (helmet restricted)
rPois    .         Spirit   .   (no amulet)
rElec    .         Reflect  .   (no ring)
rCorr    .         Harm     .   (no ring)
MR       .....                  (no ring)
Stlth    ++........             (no ring)
HPRegen  0.11/turn              (no ring)
MPRegen  0.09/turn              (no ring)
                                (no ring)
                                (no ring)

@: mighty
A: almost no armour, stealthy swim, amphibious, 8 rings, constrict 8, camouflage
1, gelatinous body 1
a: no special abilities


You were on level 2 of the Dungeon.
You were not hungry.

You visited 1 branch of the dungeon, and saw 2 of its levels.

You collected 47 gold pieces.

Inventory:

Hand Weapons
 a - a +1 flail (weapon)
Missiles
 f - 2 throwing nets (quivered)
Armour
 b - a +0 shield (worn)
Scrolls
 e - a scroll of recharging {unknown}
 j - a scroll of enchant weapon
 k - a scroll of fear {unknown}
Potions
 c - a potion of might
Comestibles
 d - 4 bread rations
 h - a meat ration


   Skills:
 + Level 4.0 Fighting
 + Level 3.3 Maces & Flails
 - Level 3.0 Dodging
 - Level 3.0 Shields


You had 3 spell levels left.
You didn't know any spells.

Dungeon Overview and Level Annotations

Branches:
Dungeon (2/15)

Altars:

Annotations:
D:2 Robin


Innate Abilities, Weirdness & Mutations

You cannot wear most types of armour.
You are very stealthy in the water. (Stealth+)
You are amphibious.
You can wear up to eight rings at the same time.
You can use your tentacles to constrict eight enemies at once.
Your skin changes colour to match your surroundings (Stealth+).
Your rubbery body absorbs attacks. (AC +1, EV +1)


Message History

You kill the goblin!
The goblin no longer looks unusually strong. x2
The adder closely misses you. You block the hobgoblin's attack.
The goblin hits you but does no damage.
As you read the scroll labeled WEWOTT QUMO, it crumbles to dust.
It is a scroll of enchant weapon.
Your +0 flail glows red for a moment.
The hobgoblin no longer looks unusually strong.
Robin roars a battlecry!
The goblins go into a battle-frenzy!
The goblin hits you with a dagger.
* * * LOW HITPOINT WARNING * * *
The adder bites you.
* * * LOW HITPOINT WARNING * * *
You block the goblin's attack. You block the hobgoblin's attack.
As you read the scroll labeled SUQYCA KIDU, it crumbles to dust.
You feel blessed for a moment.
It was a scroll of remove curse.
The hobgoblin no longer looks unusually strong.
The adder bites you.
You die...

.. #......# #.#.... ..
#####.######...... ..#
#.#........# ...
#.#........#
######.#........#
........g........#$.##
.##..###ggg?..........
#. #gSgg..).#..... #
#@#####......## #gg.#
.......#
#.......#S.....
....#...#..g...
.....#.###.#...
#........# ..#..
..##.... # .. .....


You could see Robin, an adder, 3 hobgoblins and 5 goblins.

Vanquished Creatures
  A gnoll (D:1)
  2 adders (D:2)
  2 dart slugs (D:1)
  2 leopard geckos (D:1)
  6 bats
  2 giant cockroaches (D:1)
  7 goblins
  2 hobgoblins
  2 ball pythons (D:1)
  3 frilled lizards (D:1)
  6 kobolds
  A rat (D:1)
36 creatures vanquished.

Notes
Turn   | Place    | Note
-------+----------+-------------------------------------------
     0 | D:1      | Ijustatesigmund the Octopode Fighter began the quest for the Orb.
     0 | D:1      | Reached XP level 1. HP: 16/16 MP: 1/1
   115 | D:1      | Reached XP level 2. HP: 19/21 MP: 2/2
   399 | D:1      | Reached XP level 3. HP: 26/26 MP: 3/3
   913 | D:2      | Noticed Robin
   923 | D:2      | Reached XP level 4. HP: 21/33 MP: 4/4
   924 | D:2      | Reached skill level 4 in Fighting
   929 | D:2      | Slain by an adder

Vault maps used:
D:1:      dpeg_arrival_simpleton_b, nrook_uturn
D:2:      chequers_temple_overflow_statue_of_worship, first_bread,
          hangedman_decor_lopped, minmay_hexomino_p4, uniq_robin

Skill      XL: |  1  2  3  4 |
---------------+-------------+-----
Maces & Flails | 3 |  3.3
Fighting       | 4 |  4.0
Dodging        | |  3.0
Shields        | |  3.0

Action                   |  1- 3 |  4- 6 || total
-------------------------+-------+-------++-------
Melee: Flail             |    65 |     3 ||    68
       Constrict         |    14 |     1 ||    15
       Tentacles         |    12 |       ||    12
  Use: Potion            |     1 |     1 ||     2
       Scroll            |       |     2 ||     2
 Stab: Sleeping          |     7 |       ||     7
Armor: Skin              |     8 |       ||     8
Dodge: Dodged            |    29 |     3 ||    32
Block: Shield            |    34 |     8 ||    42

Table legend:
 A = Spawn XP
 B = Non-spawn XP
 C = Spawn XP percentage of total XP
 D = Spawn monster count
 E = Non-spawn monster count
 F = Spawn count percentage of total count
 G = Total turns spent on level
                    A         B        C        D         E        F      G
               +---------+---------+-------+---------+---------+-------+---------
         Total |       0 |      99 |   0.0 |       0 |      36 |   0.0 |   929
               +---------+---------+-------+---------+---------+-------+---------
           D:1 |       0 |      60 |   0.0 |       0 |      26 |   0.0 |   814
           D:2 |       0 |      39 |   0.0 |       0 |      10 |   0.0 |   115
               +---------+---------+-------+---------+---------+-------+---------
